 Dungeon Crawl Stone Soup version 0.22.1-1-ga44c0e5 (webtiles) character file.

2664 Lavandula the Cleaver (level 9, -2/72 HPs)
             Began as a Centaur Berserker on Oct 25, 2018.
             Was a Priest of Trog.
             Slain by an unseen horror (7 damage)
             ... on level 9 of the Dungeon.
             The game lasted 00:15:07 (2948 turns).

Lavandula the Cleaver (Centaur Berserker)           Turns: 2948, Time: 00:15:08

Health: -2/72      AC:  8    Str: 24    XL:     9   Next: 36%
Magic:  9/9        EV:  9    Int:  6    God:    Trog [***...]
Gold:   163        SH:  0    Dex:  8    Spells: 8/8 levels left

rFire    + . .     SeeInvis .   a - +0 hand axe
rCold    . . .     Gourm    .   (no shield)
rNeg     . . .     Faith    .   u - +0 ring mail
rPois    .         Spirit   .   i - +2 helmet
rElec    .         Reflect  .   (no cloak)
rCorr    .         Harm     .   (no gloves)
MR       ++...                  (no barding)
Stlth    ..........             d - amulet of the acrobat
HPRegen  1.22/turn              A - ring of protection from fire
MPRegen  0.11/turn              p - +4 ring of slaying

@: regenerating, very quick
A: large, hooves 3, deformed body, speed 2, tough skin 3
a: Berserk, Trog's Hand, Renounce Religion


You were on level 9 of the Dungeon.
You worshipped Trog.
Trog was most pleased with you.
You were not hungry.

You visited 1 branch of the dungeon, and saw 9 of its levels.

You collected 193 gold pieces.
You spent 30 gold pieces at shops.

Inventory:

Hand Weapons
 a - a +0 hand axe (weapon)
 r - a +0 blowgun
 D - a +3 hunting sling
Missiles
 n - 33 sling bullets
 o - a throwing net (quivered)
 s - 34 poisoned needles
 B - 3 needles of sleeping
Armour
 b - a +0 animal skin
 i - a +2 helmet (worn)
 u - a +0 ring mail (worn)
 y - a +1 hat
Magical Staves
 x - a cursed staff of wizardry {unknown}
Jewellery
 d - an amulet of the acrobat (around neck)
 g - an uncursed ring of magical power
 p - a +4 ring of slaying (right hand)
 A - a ring of protection from fire (left hand)
 G - an uncursed ring of stealth
Wands
 e - a wand of clouds (4)
 v - a wand of flame (23)
 w - a wand of iceblast (5)
 J - a wand of digging (10)
 K - a wand of scattershot (5)
Scrolls
 f - a scroll of enchant armour {unknown}
 h - 6 scrolls of teleportation {unknown}
 l - 2 scrolls of random uselessness {unknown}
 m - 3 scrolls of amnesia {unknown}
 q - a scroll of enchant weapon {unknown}
 t - 6 scrolls of remove curse
 z - 4 scrolls of identify {unknown}
 C - a scroll of noise {unknown}
 E - 2 scrolls of immolation {unknown}
 F - a scroll of fear {unknown}
 I - a scroll of summoning {unknown}
Potions
 j - 2 potions of flight {unknown}
 k - a potion of curing {unknown}
 H - a potion of lignification {unknown}
Comestibles
 c - 6 rations
 L - a chunk of flesh


   Skills:
 + Level 4.5 Fighting
 - Level 10.6 Axes
 - Level 5.4 Throwing
 - Level 1.3 Armour
 - Level 1.3 Dodging


You had 8 spell levels left.
You didn't know any spells.
Your spell library contained the following spells:

 Spells                   Type           Power        Failure   Level  Hunger
 Animate Skeleton         Necr           N/A          61%         1    ##.....
 Apportation              Tloc           #.....       61%         1    ##.....
 Confusing Touch          Hex            #.....       61%         1    ##.....
 Magic Dart               Conj           #...         61%         1    ##.....
 Summon Small Mammal      Summ           #...         61%         1    ##.....
 Blink                    Tloc           N/A          75%         2    ###....
 Call Imp                 Summ           #.......     75%         2    ###....
 Searing Ray              Conj           #.....       75%         2    ###....
 Slow                     Hex            #.......     75%         2    ###....
 Conjure Flame            Conj/Fire      #.......     93%         3    ####...
 Dazzling Spray           Conj/Hex       #.....       93%         3    ####...
 Mephitic Cloud           Conj/Pois/Air  #.......     93%         3    ####...
 Force Lance              Conj/Tloc      #.......     100%        4    #####..
 Fulminant Prism          Conj/Hex       #.........   100%        4    #####..
 Iskenderun's Mystic Bla  Conj           #.......     100%        4    #####..


Dungeon Overview and Level Annotations

Branches:
Dungeon (9/15)             Temple (0/1) D:4
   Lair: D:8-11         Orc: D:9-12

Altars:
Dithmenos
Hepliaklqana
Qazlal
Trog
Xom

Shops:
D:4 *   D:5 [


Innate Abilities, Weirdness & Mutations

You have hooves in place of feet.
Armour fits poorly on your strangely shaped body.
You cover ground very quickly.
You have extremely tough skin. (AC +3)


Message History

Something is blocking the doorway!
Something hits you.
* * * LOW HITPOINT WARNING * * *
There is an escape hatch in the ceiling here.
Something barely misses you. Something barely misses you.
Okay, then.
You open the door. Something hits you.
* * * LOW HITPOINT WARNING * * *
There is an open door here.
Something closely misses you. Something hits you!
* * * LOW HITPOINT WARNING * * *
Okay, then.
Okay, then.
Okay, then.
Okay, then.
Your skin crawls.
You feel resistant to hostile enchantments.
You feel somewhat more hungry. Something hits you!
You die...

..##### ....... ##
....... #..
....... #...
.......
#....#####.......
#................
##......@#'#####.
.........#.....#
.........#.....#
.........#.<...#
.........#.....#
.......)<#.....#
.......).#'#####.
.................#
......########...#


There were no monsters in sight!

Vanquished Creatures
  Joseph (D:8)
  Sigmund (D:4)
  Grum (D:8)
  An orc warrior (D:8)
  An ice beast (D:6)
  2 sky beasts
  A necrophage (D:8)
  3 phantoms
  4 wolves (D:8)
  A centaur (D:6)
  3 bullfrogs
  2 howler monkeys
  A bullfrog zombie (D:5)
  5 crimson imps
  A quasit (D:6)
  A hound (D:3)
  A jelly (D:6)
  4 orc wizards (D:5)
  2 iguanas
  Jessica (D:3)
  2 worker ants
  A killer bee zombie (D:7)
  4 gnolls
  3 adders
  2 oozes
  A worm (D:4)
  3 leopard geckos
  4 orcs
  2 ball pythons
  4 bats
  6 giant cockroaches
  2 hobgoblins (D:6)
  5 kobolds
  A quokka (D:3)
  A frilled lizard (D:2)
  4 goblins
  A quokka skeleton (D:4)
  2 quokka zombies (D:5)
  2 rats
87 creatures vanquished.

Notes
Turn   | Place    | Note
-------+----------+-------------------------------------------
     0 | D:1      | Lavandula the Centaur Berserker began the quest for the
                  | Orb.
     0 | D:1      | Reached XP level 1. HP: 19/19 MP: 1/1
    74 | D:3      | Reached skill level 3 in Axes
    97 | D:3      | Reached XP level 2. HP: 6/26 MP: 2/2
   173 | D:4      | Reached skill level 4 in Axes
   173 | D:4      | Reached XP level 3. HP: 3/31 MP: 3/3
   284 | D:4      | Noticed a phantom
   292 | D:4      | Found a hazy altar of Hepliaklqana.
   326 | D:4      | Killed a phantom
   326 | D:4      | Reached skill level 5 in Axes
   326 | D:4      | Reached XP level 4. HP: 23/38 MP: 4/4
   326 | D:4      | Reached XP level 5. HP: 27/45 MP: 5/5
   385 | D:4      | Noticed Sigmund
   574 | D:3      | Noticed Jessica
   583 | D:3      | Found a shadowy altar of Dithmenos.
   585 | D:3      | Killed Jessica
   669 | D:3      | Reached ** piety under Trog
   792 | D:4      | Reached skill level 6 in Axes
   793 | D:4      | Killed Sigmund
   793 | D:4      | Reached XP level 6. HP: 51/51 MP: 6/6
   847 | D:4      | Found a stormy altar of Qazlal.
   891 | D:4      | Found Detileun's General Store.
   908 | D:4      | Bought a scroll of remove curse for 30 gold pieces
   910 | D:4      | Found a staircase to the Ecumenical Temple.
   958 | D:5      | Entered Level 5 of the Dungeon
  1007 | D:5      | Reached skill level 7 in Axes
  1078 | D:5      | Reached XP level 7. HP: 55/57 MP: 7/7
  1188 | D:5      | Found Zaaleost's Antique Armour Boutique.
  1541 | D:5      | Reached skill level 8 in Axes
  1729 | D:6      | Reached skill level 9 in Axes
  1729 | D:6      | Reached XP level 8. HP: 55/63 MP: 8/8
  1861 | D:6      | Found a bloodstained altar of Trog.
  2055 | D:7      | Found a shimmering altar of Xom.
  2066 | D:8      | Noticed Joseph
  2201 | D:6      | Reached *** piety under Trog
  2296 | D:8      | Killed Joseph
  2296 | D:8      | Reached skill level 10 in Axes
  2514 | D:8      | Noticed Grum
  2523 | D:8      | Reached XP level 9. HP: 69/69 MP: 9/9
  2530 | D:8      | Killed Grum
  2530 | D:8      | Reached skill level 5 in Throwing
  2948 | D:9      | Slain by an unseen horror

Skill      XL: |  1  2  3  4  5  6  7  8  9 |
---------------+----------------------------+-----
Axes           | 3 4 5 6 7 9 10 | 10.6
Throwing       | 3 5 |  5.4
Fighting       | 4 |  4.5
Armour         | |  1.3
Dodging        | |  1.3

Action                   |  1- 3 |  4- 6 |  7- 9 || total
-------------------------+-------+-------+-------++-------
Melee: Hand axe          |    35 |    76 |   152 ||   263
       Kick              |     6 |    19 |    39 ||    64
 Fire: Hunting sling     |       |       |    21 ||    21
Invok: Berserk           |     3 |     2 |     3 ||     8
       Trog's Hand       |       |       |     1 ||     1
  Eat: Chunk             |       |     4 |     5 ||     9
       Ration            |       |       |     1 ||     1
Armor: Animal skin       |    17 |    25 |     1 ||    43
       Ring mail         |       |       |    66 ||    66
Dodge: Dodged            |    19 |    49 |    88 ||   156
